 Dungeon Crawl Stone Soup version 0.17-a0-469-g696e5a1 (webtiles) character file.

339655 Fluffy the Fencer (level 21, -2/140 HPs)
             Began as a Minotaur Fighter on Apr 6, 2015.
             Was the Champion of the Shining One.
             Killed from afar by a starcursed mass (6 damage)
             ... with an accursed screaming
             ... on level 2 of the Abyss.
             The game lasted 03:52:29 (64476 turns).

Fluffy the Fencer (Minotaur Fighter)               Turns: 64476, Time: 03:52:29

Health: -2/140     AC: 28    Str: 20    XL:     21   Next: 5%
Magic:  10/22      EV:  8    Int:  1    God:    the Shining One [******]
Gold:   4097       SH: 18    Dex: 15    Spells: 0 memorised, 20 levels left

rFire  + . .     SeeInvis .     q - +9 double sword (holy)
rCold  + . .     Clarity  +     N - +0 plate armour "Kaobrapp" {rF+ rN+ Slay+2}
rNeg   + + +     SustAb   .     L - +2 shield {reflect}
rPois  +         Gourm    .     G - +2 hat
rElec  +         Spirit   .     P - +2 cloak {rPois}
rCorr  +         Warding  .     X - +4 pair of gloves of Parlour Games {rElec rF- rCorr}
rMut   .         Rnd*Tele +     V - +1 pair of boots
MR     +....                    H - amulet of clarity
Stlth  ..........               j - ring of protection from fire
                                R - ring of protection from cold

@: non-regenerating, lost intelligence, glowing, studying Polearms, very slow,
somewhat resistant to hostile enchantments, extremely unstealthy
A: retaliatory headbutt, horns 2, agile 1, berserk 3, blurry vision 3, clumsy 2,
deformed body, deterioration 3, dopey 2, frail 3, low mp 3, screaming 3, slow
healing 3, teleportitis 3, weak 2, no device heal 3, placid magic 3, MP-powered
wands
a: Divine Shield, Cleansing Flame, Summon Divine Warrior, Renounce Religion
}: 2/15 runes: decaying, serpentine


You were on level 2 of the Abyss.
You worshipped the Shining One.
The Shining One was exalted by your worship.
You were not hungry.

You visited 8 branches of the dungeon, and saw 42 of its levels.
You visited the Abyss 1 time.
You also visited: Labyrinth, Bailey, Ice Cave and Volcano.

You collected 4873 gold pieces.
You spent 776 gold pieces at shops.

Inventory:

Hand weapons
 k - the +8 autumn katana {slice, Clar}
   (You found it on level 1 of the Depths)

   It inflicts extra damage upon your enemies.
   It protects you against confusion.
 n - a +3 long sword of flaming
 q - a +9 double sword of holy wrath (weapon)
Armour
 x - a +0 ice dragon armour
 F - the +0 fire dragon armour "Nigeesch" {rF++ rC- MR+ Dex+7 Stlth-}
   (You found it in a bailey)

   It affects your dexterity (+7).
   It greatly protects you from fire.
   It makes you vulnerable to cold.
   It affects your resistance to hostile enchantments.
   It makes you less stealthy.
 G - a +2 hat (worn)
 L - a +2 shield of reflection (worn)
 N - the +0 plate armour "Kaobrapp" (worn) {rF+ rN+ Slay+2}
   (You took it off an orc in a bailey)

   It affects your accuracy and damage with ranged weapons and melee attacks
   (+2).
   It protects you from fire.
   It protects you from negative energy.
 P - a +2 cloak of poison resistance (worn)
 V - a +1 pair of boots (worn)
 X - the +4 pair of gloves of Parlour Games (worn) {rElec rF- rCorr}
   (You found it in an ice cave)

   It makes you vulnerable to fire.
   It insulates you from electricity.
   It protects you from acid and corrosion.
Jewellery
 j - a ring of protection from fire (right hand)
 o - an uncursed ring of protection from magic
 z - an uncursed ring of protection from magic
 B - an uncursed ring of flight
 H - an amulet of clarity (around neck)
 R - a ring of protection from cold (left hand)
 W - an uncursed ring of protection from cold
Magical devices
 c - a wand of cold (6)
 e - a wand of disintegration (11)
 h - a wand of fireball (6)
 p - a wand of fire (5)
 u - a wand of digging (8)
 y - a wand of fireball (0)
 A - a wand of heal wounds (2)
 S - a wand of lightning (7)
 U - a wand of fireball (9)
Scrolls
 g - 14 scrolls of remove curse
 t - 6 scrolls of recharging
 w - a scroll of enchant weapon
 C - 3 scrolls of magic mapping
 D - 4 scrolls of blinking
 E - 13 scrolls of teleportation
 O - a scroll of holy word
Potions
 b - a potion of resistance
 f - 17 potions of curing
 r - 6 potions of agility
 s - a potion of might
 v - 8 potions of restore abilities
 J - 6 potions of cure mutation
 M - 7 potions of haste
 Q - a potion of heal wounds
 T - a potion of cancellation
Books
 i - a Grand Grimoire {highlevel, unknown}

   This book is beyond your current level of understanding.

   Spells                             Type                      Level
   a - Aura of Abjuration             Summoning                    6
   b - Summon Greater Demon           Summoning                    7
   c - Malign Gateway                 Summoning/Translocation      7
   d - Summon Horrible Things         Summoning                    8
   The Shining One opposes the use of such an unholy item.
 I - a manual of Polearms
Comestibles
 a - 22 fruits
 d - 23 bread rations
 l - 14 meat rations
 m - 7 slices of pizza
 K - 16 beef jerkies
 Z - a royal jelly


   Skills:
 + Level 19.7 Fighting
 + Level 20.1 Long Blades
 + Level 20.0 Armour
 + Level 19.8 Shields
 + Level 16.9 Invocations


You had 20 spell levels left.
You didn't know any spells.

Dungeon Overview and Level Annotations

Branches:
Dungeon (15/15)            Temple (1/1) D:5            Lair (8/8) D:10
  Swamp (5/5) Lair:4        Snake (5/5) Lair:5        Slime (0/6) Lair:6
    Orc (4/4) D:9             Elf (0/3) Orc:4        Vaults (2/5) D:13
  Crypt (0/3) Vaults:2     Depths (2/5) D:15

Altars:
Ashenzari
Cheibriados
Dithmenos
Elyvilon
Fedhas
Gozag
Kikubaaqudgha
Makhleb
Nemelex Xobeh
Okawaru
Qazlal
Ru
Sif Muna
Trog
Vehumet
Xom
Yredelemnul
Zin
The Shining One
Beogh
Jiyva

Shops:
D:11 (   D:12 ?(*?([   D:13 [[*   Orc:2 [   Orc:4 %[%[   Snake:3 ?[![[
Snake:5 *

Portals:
Hell: Depths:1 Depths:2
Abyss: Depths:1
Ziggurat: Depths:1
Trove: D:13 (give 11 potions of heal wounds)


Innate Abilities, Weirdness & Mutations

You reflexively headbutt those who attack you in melee.
You have a pair of horns on your head.
You are agile. (Dex +2)
[You have an uncontrollable temper.]
[Scrolls take you much longer to read.]
[You are very clumsy. (Dex -4)]
[Armour fits poorly on your strangely shaped body.]
[Your body is rapidly deteriorating.]
[You are very dopey. (Int -4)]
[You are extremely frail (-30% HP).]
[Your magical capacity is extremely low (-30% MP).]
[You frequently scream uncontrollably at your foes.]
[You do not heal naturally.]
[Space frequently distorts in your vicinity.]
[You are very weak. (Str -4)]
[Potions and wands cannot restore your health.]
[Your spells are much easier to cast, but much less powerful.]
[You expend magic power (3 MP) to strengthen your wands.]


Message History

Your daeva convulses!
Your body is wracked with pain!
* * * LOW HITPOINT WARNING * * *
A starcursed mass splits.
A neqoxec comes into view.
The neqoxec gestures at you.
Something tries to feed on your intellect!
The crystal guardian fires a crystalline bolt at you.
The crystal bolt burns you! You resist.
* * * LOW HITPOINT WARNING * * *
Drink which item? (? for menu, Esc to quit)
That would not heal you.
Drink which item? (? for menu, Esc to quit)
Okay, then.
Your daeva calls down the wrath of the Shining One upon the crystal guardian.
The crystal guardian is smitten.
Your daeva calls down the wrath of the Shining One upon the crystal guardian.
The crystal guardian is smitten.
The starcursed mass shrieks in your mind.
You die...

#.
##.#.≈≈≈≈≈≈≈#..#
##..##.≈≈≈≈≈≈≈≈..
# #.
#..#≈≈≈≈≈≈≈≈#.#..
#######.≈≈≈♣≈≈≈#
..##.8≈≈≈≈≈≈≈.#
..#.A§≈≈≈≈≈≈.#)#
##X≈XX≈≈≈≈.# ..
##.#..≈≈≈≈≈.#
#@.#.#♣≈≈≈≈...
#......#...♣≈≈≈.##
#....##.#.#≈≈≈≈##
#...3# #.##≈≈≈≈.
...#. #. ≈♣ # . .≈
≈ . ♣≈


You could see a starcursed mass, a crystal guardian, a neqoxec and a friendly
daeva.

Vanquished Creatures
  Mara (Swamp:3)
  Boris (Vaults:2)
  Margery (Vaults:2)
  Norris (Snake:5)
  Vashnia (Snake:2)
  A golden dragon (Depths:2)
  Nikola (Snake:3)
  2 liches (Depths:2)
  A tentacled monstrosity (Depths:2)
  A deep elf blademaster (Depths:1)
  A tentacled starspawn (Abyss:2)
  2 shadow dragons (Depths:2)
  Kirke (Lair:7)
  A thorn hunter (Swamp:3)
  A tengu reaver (Depths:2)
  Roxanne (Snake:4)
  A revenant (Vaults:2)
  10 greater nagas
  Donald (Snake:2)
  A vault warden (Vaults:2)
  Maud (D:10)
  4 frost giants
  4 fire giants
  Aizul (Snake:1)
  9 ironheart preservers
  A curse skull (Vaults:2)
  4 very ugly things (Depths:2)
  4 spriggan defenders
  The ghost of Bodrick the Basher, a powerful GrFE of Vehumet (Lair:7)
  Nessos (Lair:7)
  5 stone giants
  A black draconian (Abyss:2)
  6 ettins (Depths:2)
  Snorg (Orc:3)
  5 fire dragons
  2 minotaurs
  3 vault guards (D:13)
  9 yaktaur captains
  2 great orbs of eyes (Depths:2)
  3 ice dragons
  The ghost of kal9871 the Sharpshooter, a powerful DDHu of Makhleb (D:8)
  21 hydras
  17 naga warriors
  5 entropy weavers
  4 anacondas (Snake:5)
  5 rakshasas
  An anaconda (shapeshifter) (D:13)
  4 spriggan air magi (Depths:2)
  2 ghost crabs
  7 centaur warriors
  12 ogre magi
  5 orc high priests
  4 tengu warriors (Depths:2)
  A death yak (IceCv)
  8 alligators
  3 deep troll earth magi (Depths:2)
  2 vampire magi
  A deep troll shaman (Depths:2)
  9 shock serpents
  Urug (D:11)
  2 sun demons (Abyss:2)
  16 naga sharpshooters
  4 spriggan berserkers (Depths:2)
  8 spriggans
  A wretched star (Abyss:2)
  11 hell knights
  4 shadow wraiths (Depths:2)
  9 skeletal warriors
  8 sea snakes (Snake:5)
  7 salamander mystics
  6 deep trolls (Depths:2)
  3 spriggan druids
  A flayed ghost (Depths:1)
  2 fire crabs
  2 unseen horrors
  A death drake (shapeshifter) (D:13)
  A spectral hydra (Swamp:3)
  4 shambling mangroves
  An ice statue (IceCv)
  5 naga ritualists
  10 swamp dragons
  3 phantasmal warriors
  Pikel (D:3)
  4 ironbrand convokers (Vaults:1)
  A giant orange brain (Vaults:2)
  12 hill giants
  3 wizards
  9 orc knights
  A large abomination (Abyss:2)
  2 necromancers (Depths:2)
  An ugly thing zombie (Depths:2)
  4 orc sorcerers
  4 mana vipers
  7 cyclopes
  A hornet (shapeshifter) (Vaults:2)
  4 manticores
  A harpy (Vaults:1)
  A shining eye (shapeshifter) (D:13)
  20 ugly things
  4 hornets
  7 griffons
  18 salamanders
  A wolf spider (Vaults:2)
  3 vault sentinels (Vaults:1)
  33 black mambas
  An octopode (shapeshifter) (Depths:1)
  4 gargoyles
  10 guardian serpents
  A smoke demon (Abyss:2)
  Psyche (D:8)
  A torpor snail (Lair:7)
  25 spiny frogs
  24 naga magi
  16 yaktaurs
  An orange demon (Abyss:2)
  An ancient zyme (Abyss:2)
  A demonic crawler (Abyss:2)
  6 komodo dragons
  7 fire drakes
  18 polar bears
  3 tengu conjurers
  22 blink frogs
  2 jumping spiders
  A two-headed ogre (shapeshifter) (Depths:1)
  7 trolls
  A raiju (Abyss:2)
  33 slime creatures
  2 baby alligators (Swamp:5)
  A boulder beetle (Vaults:1)
  6 giant leeches
  A spectral swamp dragon (Swamp:3)
  12 two-headed ogres
  15 ravens
  5 bog bodies
  11 redbacks
  A spriggan (shapeshifter) (Depths:2)
  A tarantella (shapeshifter) (D:15)
  4 air elementals (Depths:2)
  3 shadows
  A chaos spawn (Abyss:2)
  4 fire bats (Volcano)
  A human (D:13)
  4 basilisks
  A hippogriff (shapeshifter) (Vaults:2)
  A wraith (Vaults:1)
  22 vampire mosquitoes
  3 deep elf magi
  A vampire (D:14)
  3 wyverns
  49 yaks
  2 deep elf fighters
  3 steam dragons
  5 hippogriffs
  72 nagas
  A neqoxec (Vaults:2)
  A hungry ghost (Depths:2)
  11 insubstantial wisps
  Menkaure (D:4)
  25 swamp worms
  22 wolves
  A mottled dragon (Volcano)
  6 wargs
  A soldier ant (D:15)
  11 porcupines
  2 sky beasts
  36 water moccasins
  15 swamp drakes
  4 black bears
  3 boggarts
  12 wasps
  A dwarf (shapeshifter) (Vaults:2)
  A slave (D:4)
  5 ice beasts
  3 starcursed masses (Abyss:2)
  4 phantoms
  19 crocodiles
  39 orc warriors
  An eye of draining (D:15)
  43 ogres
  3 small abominations
  6 big kobolds
  A brain worm (D:13)
  A boring beetle (D:12)
  13 centaurs
  37 giant frogs
  3 scorpions
  17 wights
  A killer bee (D:13)
  5 electric eels
  3 crimson imps
  2 giant frog zombies
  2 goliath beetles
  A centaur zombie (D:11)
  3 jellies
  35 orc priests
  5 quasits
  5 giant frog skeletons
  3 centaur skeletons
  41 orc wizards
  15 hounds
  12 worker ants
  2 hell rats (Vaults:2)
  11 iguanas
  A killer bee zombie (D:8)
  12 sheep
  A hound zombie (D:5)
  A hound skeleton (D:9)
  A mummy (D:9)
  2 worker ant zombies
  23 adders
  40 river rats
  7 gnolls
  12 white imps (Lair:4)
  An orc skeleton (Orc:3)
  4 shadow imps
  5 worms
  4 orc zombies
  7 giant geckos
  163 orcs
  A ball python (D:4)
  26 bats
  A bat skeleton (D:8)
  24 goblins
  20 hobgoblins
  14 jackals
  39 kobolds
  15 quokkas
  4 giant cockroaches
  A giant cockroach zombie (D:5)
  3 giant newts
  2 giant spores
  A jackal skeleton (D:9)
  A quokka skeleton (D:4)
  A quokka zombie (D:7)
  19 rats
  20 ballistomycetes
  A butterfly (Lair:2)
  3 fungi
  3 plants
1860 creatures vanquished.

Vanquished Creatures (collateral kills)
  A golden dragon (Depths:2)
  A rakshasa (Vaults:1)
  An ogre mage (Vaults:1)
  A yaktaur (Vaults:1)
  2 ravens (Depths:2)
  A wraith (Depths:2)
  2 starcursed masses (Abyss:2)
  A lurking horror (Abyss:2)
10 creatures vanquished.

Vanquished Creatures (others)
  An angel (Depths:2)
  A stone giant (Depths:1)
  A hydra (Lair:7)
  3 naga sharpshooters
  A naga mage (Snake:5)
  A yaktaur (Vaults:2)
  2 polar bears (IceCv)
  A yak (IceCv)
  2 humans (Lair:7)
  A water moccasin (Swamp:3)
  A porcupine (Lair:4)
  A swamp drake (Swamp:3)
  A wasp (Swamp:4)
  An ogre (Depths:2)
  A crocodile (Swamp:4)
  A hell rat (Vaults:2)
  An adder (Lair:7)
  2 orcs (D:8)
  4 giant spores
  A ballistomycete (D:13)
  A briar patch (Swamp:3)
  A bush (Lair:4)
  6 fungi
  2 starspawn tentacles (Abyss:2)
38 creatures vanquished.

Grand Total: 1908 creatures vanquished

Notes
Turn   | Place    | Note
--------------------------------------------------------------
     0 | D:1      | Fluffy, the Minotaur Fighter, began the quest for the Orb.
     0 | D:1      | Reached XP level 1. HP: 19/19 MP: 0/0
   118 | D:1      | Reached XP level 2. HP: 27/27 MP: 1/1
   442 | D:2      | Reached skill level 4 in Shields
   442 | D:2      | Reached XP level 3. HP: 33/33 MP: 2/2
  1024 | D:3      | Found a shadowy altar of Dithmenos.
  1104 | D:3      | Reached XP level 4. HP: 30/40 MP: 3/3
  1320 | D:3      | Reached XP level 5. HP: 29/47 MP: 4/4
  2260 | D:4      | Noticed an ogre
  2264 | D:4      | Reached skill level 5 in Shields
  2268 | D:4      | Killed an ogre
  2268 | D:4      | Reached skill level 5 in Fighting
  2268 | D:4      | Reached skill level 5 in Armour
  2268 | D:4      | Reached XP level 6. HP: 54/56 MP: 5/5
  2282 | D:4      | Noticed a slave
  2304 | D:4      | Killed a slave
  2306 | D:4      | Noticed Pikel
  2306 | D:4      | Noticed a slave
  2306 | D:4      | Noticed a slave
  2307 | D:4      | Noticed a slave
  2378 | D:3      | Killed Pikel
  2378 | D:3      | Reached skill level 6 in Fighting
  2378 | D:3      | Reached skill level 5 in Long Blades
  2378 | D:3      | Reached XP level 7. HP: 32/63 MP: 6/6
  2684 | D:4      | Noticed Menkaure
  2694 | D:4      | Killed Menkaure
  2851 | D:4      | Noticed an ogre
  2876 | D:4      | Killed an ogre
  2876 | D:4      | Reached XP level 8. HP: 43/71 MP: 7/7
  3081 | D:5      | Entered Level 5 of the Dungeon
  3212 | D:5      | Found a white marble altar of Elyvilon.
  3253 | D:5      | Found a blossoming altar of Fedhas.
  3286 | D:5      | Found a bloodstained altar of Trog.
  3337 | D:5      | Found an iron altar of Okawaru.
  3374 | D:5      | Found a staircase to the Ecumenical Temple.
  3383 | Temple   | Entered the Ecumenical Temple
  3419 | Temple   | Became a worshipper of the Shining One
  3797 | D:5      | Reached skill level 7 in Armour
  3847 | D:6      | Reached skill level 1 in Invocations
  4451 | D:7      | You fall through a shaft!
  4644 | D:7      | Reached XP level 9. HP: 65/80 MP: 9/9
  4871 | D:7      | Reached skill level 8 in Armour
  5143 | D:7      | Acquired the Shining One's first power
  5307 | D:7      | Found an opulent altar of Gozag.
  5307 | D:7      | Found a sparkling altar of Nemelex Xobeh.
  5852 | D:8      | Noticed Psyche
  5878 | D:8      | Killed Psyche
  5912 | D:8      | Noticed kal9871's ghost (powerful DDHu)
  5938 | D:8      | Killed kal9871's ghost
  5938 | D:8      | Reached skill level 9 in Armour
  6427 | D:8      | Reached XP level 10. HP: 81/90 MP: 12/12
  7283 | D:9      | Reached skill level 5 in Invocations
  7314 | D:9      | Acquired the Shining One's second power
  8367 | D:9      | Found a staircase to the Orcish Mines.
  8725 | D:10     | Entered Level 10 of the Dungeon
  8728 | D:10     | Noticed an unseen horror
  8737 | D:9      | Reached skill level 10 in Armour
  8759 | D:9      | Killed an unseen horror
  8864 | D:10     | Reached skill level 10 in Fighting
  9388 | D:10     | Noticed Maud
  9402 | D:10     | Killed Maud
  9402 | D:10     | Reached skill level 10 in Long Blades
  9402 | D:10     | Reached skill level 10 in Shields
  9402 | D:10     | Reached XP level 11. HP: 49/101 MP: 14/14
  9608 | D:10     | Found a staircase to the Lair.
 10059 | D:11     | Noticed a hill giant
 10068 | D:11     | Killed a hill giant
 10207 | D:11     | Found Wexem's Antique Weapon Boutique.
 11039 | D:11     | Noticed Urug
 11058 | D:11     | Killed Urug
 11058 | D:11     | Reached skill level 11 in Armour
 11245 | D:11     | You fall through a shaft!
 11284 | D:12     | Found Hoatsaesch's Magic Scroll Shoppe.
 11298 | D:12     | Bought a scroll of enchant weapon for 112 gold pieces
 11609 | D:12     | Acquired the Shining One's third power
 11623 | D:12     | Found Pyuboc's Pet Rocks.
 11654 | D:12     | Noticed a hill giant
 11662 | D:12     | Killed a hill giant
 12344 | D:12     | Found Vuaplo's Antique Weapon Emporium.
 12372 | D:12     | Found Obbom's Weapon Emporium.
 12462 | D:12     | Found Ykkuhu's Magic Scroll Shop.
 12905 | D:12     | Reached XP level 12. HP: 91/110 MP: 16/16
 13153 | D:12     | Found Miloda's Antique Armour Emporium.
 13429 | Orc:1    | Entered Level 1 of the Orcish Mines
 14270 | Orc:1    | Found a roughly hewn altar of Beogh.
 14611 | Orc:2    | Found Zealetic's Antique Armour Shop.
 14818 | Orc:3    | Gained mutation: [You are weak. (Str -2)] [a neqoxec]
 15322 | Orc:3    | Found a flagged portal.
 15343 | Bailey   | Entered a bailey
 15750 | Bailey   | Got a fine plate armour
 15766 | Bailey   | Identified the cursed +0 plate armour "Kaobrapp" {rF+ rN+ Slay+2} (You took it off an orc in a bailey)
 15782 | Bailey   | Got a smoking fire dragon armour
 19484 | Orc:3    | Identified the +0 fire dragon armour "Nigeesch" {rF++ rC- MR+ Dex+7 Stlth-} (You found it in a bailey)
 19773 | Orc:3    | Noticed Snorg
 19787 | Orc:3    | Killed Snorg
 19787 | Orc:3    | Reached skill level 12 in Fighting
 21023 | Orc:4    | Entered Level 4 of the Orcish Mines
 21023 | Orc:4    | Noticed a stone giant
 21220 | Orc:4    | Killed a stone giant
 21581 | Orc:4    | Found a staircase to the Elven Halls.
 21720 | Orc:4    | Acquired the Shining One's fourth power
 22194 | Orc:4    | Reached XP level 13. HP: 97/119 MP: 18/18
 22369 | Orc:4    | Found Giokh's Armour Emporium.
 22369 | Orc:4    | Found Xuakh's Food Shoppe.
 22369 | Orc:4    | Found Lior Tae's Food Emporium.
 22584 | Orc:4    | Found Roklyt's Armour Shoppe.
 23322 | Lair:1   | Entered Level 1 of the Lair of Beasts
 23422 | Lair:1   | Found a labyrinth entrance.
 23446 | Lab      | Entered a labyrinth
 24705 | Lab      | Got a steaming granite ring
 24705 | Lab      | Got a flickering ivory amulet
 24723 | Lab      | Identified a +2 rod of ignition (9/9) (You found it in a labyrinth)
 24728 | Lab      | Lost intelligence.
 24728 | Lab      | Identified the cursed ring of Oreufyca {rF+ rN+++ Str-2 Int-5 Dex-2} (You found it in a labyrinth)
 24733 | Lab      | Identified the amulet of Vochotiywe {Ward rN+ Str+4} (You found it in a labyrinth)
 25029 | Lair:1   | Reached skill level 13 in Armour
 27039 | Lair:4   | Found a frozen archway.
 27063 | IceCv    | Entered an ice cave
 27152 | IceCv    | Reached skill level 10 in Invocations
 27333 | IceCv    | Got a pair of translucent gloves
 27344 | IceCv    | Identified the +4 pair of gloves of Parlour Games {rElec rF- rCorr} (You found it in an ice cave)
 27792 | IceCv    | Noticed a frost giant
 27817 | IceCv    | Reached XP level 14. HP: 90/129 MP: 20/20
 27833 | IceCv    | Killed a frost giant
 28341 | Lair:4   | Found a staircase to the Swamp.
 29495 | Lair:5   | Found a staircase to the Snake Pit.
 29943 | Lair:5   | Got a pair of steaming boots
 29954 | Lair:5   | Identified the cursed +0 pair of boots of Rienn {+Inv rF++ Int-5 SInv} (You found it on level 5 of the Lair of Beasts)
 29954 | Lair:5   | Lost intelligence.
 30483 | Lair:6   | Found a dark tunnel.
 30509 | Volcano  | Entered a volcano
 30546 | Volcano  | Reached skill level 14 in Long Blades
 31034 | Lair:6   | Found a viscous altar of Jiyva.
 31403 | Lair:6   | Found a staircase to the Slime Pits.
 31912 | Lair:7   | Noticed Kirke
 31923 | Lair:7   | Killed Kirke
 32018 | Lair:7   | Noticed Nessos
 32058 | Lair:7   | Killed Nessos
 32617 | Lair:7   | Noticed Bodrick's ghost (powerful GrFE)
 32636 | Lair:7   | Killed Bodrick's ghost
 33321 | Lair:8   | Entered Level 8 of the Lair of Beasts
 33872 | Lair:8   | Reached XP level 15. HP: 128/139 MP: 22/22
 34496 | Lair:8   | Identified the Tome of Displaced Enhancements (You found it on level 8 of the Lair of Beasts)
 35143 | Temple   | Identified a +6 double sword of holy wrath (a +4 double sword blessed by the Shining One)
 35389 | D:11     | Noticed a hill giant
 35396 | D:11     | Killed a hill giant
 35535 | D:13     | Found Sakhlos's Armour Shop.
 35716 | D:13     | Found Wiazxo's General Store.
 35732 | D:13     | Bought a scroll of enchant weapon for 90 gold pieces
 35973 | D:13     | Reached skill level 15 in Long Blades
 36289 | D:13     | Reached skill level 15 in Armour
 37028 | D:13     | Found Sina's Antique Armour Shop.
 37044 | D:13     | Found a portal to a secret trove of treasure.
 37380 | D:13     | Found a gate to the Vaults.
 37389 | D:13     | Reached skill level 15 in Shields
 37612 | D:14     | Reached skill level 15 in Fighting
 38123 | D:14     | Found a sacrificial altar of Ru.
 38249 | D:15     | Entered Level 15 of the Dungeon
 38476 | D:15     | Found an opulent altar of Gozag.
 38648 | D:15     | Reached XP level 16. HP: 116/149 MP: 24/24
 38854 | D:15     | Found a staircase to the Depths.
 39635 | Snake:1  | Entered Level 1 of the Snake Pit
 39762 | Snake:1  | Noticed Aizul
 39787 | Snake:1  | Killed Aizul
 40429 | Snake:1  | Reached skill level 16 in Long Blades
 41584 | Snake:2  | Noticed Donald
 41599 | Snake:2  | Killed Donald
 42060 | Snake:2  | Noticed Vashnia
 42129 | Snake:2  | HP: 4/150 [Vashnia/arrow (35)]
 42133 | Snake:2  | Killed Vashnia
 42728 | Snake:3  | Found Cagucino's Armour Shop.
 42910 | Snake:3  | Found Uromaoj's Magic Scroll Shoppe.
 43262 | Snake:3  | Found Duhuja's Armour Emporium.
 43270 | Snake:3  | Found Licat's Distillery.
 43282 | Snake:3  | Bought a potion of heal wounds for 80 gold pieces
 43282 | Snake:3  | Bought a potion of haste for 160 gold pieces
 43282 | Snake:3  | Bought a potion of heal wounds for 80 gold pieces
 43282 | Snake:3  | Bought a potion of might for 64 gold pieces
 43494 | Snake:3  | Found Lugrub's Armour Boutique.
 43640 | Snake:3  | Noticed Nikola
 43664 | Snake:3  | Killed Nikola
 44557 | Snake:4  | Reached XP level 17. HP: 130/158 MP: 26/26
 44904 | Snake:4  | Identified a scroll of acquirement
 45363 | Snake:4  | Noticed Roxanne
 46116 | Snake:4  | Killed Roxanne
 46125 | Snake:4  | Identified Roxanne's Compendium of Dusty Transmutation (You took it off Roxanne on level 4 of the Snake Pit)
 46361 | Snake:3  | Reached skill level 17 in Long Blades
 46472 | Swamp:1  | Entered Level 1 of the Swamp
 47863 | Swamp:3  | Found a glowing silver altar of Zin.
 48347 | Swamp:3  | Noticed Mara
 48362 | Swamp:3  | Noticed Fluffy's illusion
 48672 | Swamp:3  | Killed Mara
 50279 | Swamp:5  | Entered Level 5 of the Swamp
 50353 | Swamp:4  | Got a polished rapier
 50354 | Swamp:4  | Identified the +9 rapier "Milo" {drain, rPois rF+ rC+ rN+ Dex-4} (You found it on level 4 of the Swamp)
 50625 | Snake:5  | Entered Level 5 of the Snake Pit
 50713 | Snake:5  | Noticed Norris
 50738 | Snake:5  | Killed Norris
 50738 | Snake:5  | Reached XP level 18. HP: 170/170 MP: 27/27
 51828 | Snake:5  | Reached skill level 18 in Long Blades
 53403 | Snake:5  | Reached skill level 15 in Invocations
 53405 | Snake:5  | Got a serpentine rune of Zot
 53452 | Snake:5  | Found Hator's General Store.
 53460 | Snake:5  | Bought a scroll of recharging for 190 gold pieces
 54730 | Swamp:5  | Got a decaying rune of Zot
 54910 | Swamp:5  | Identified a +4 rod of clouds (14/14) (You found it on level 5 of the Swamp)
 55581 | D:13     | Reached XP level 19. HP: 179/179 MP: 29/29
 55725 | Depths:1 | Entered Level 1 of the Depths
 55726 | Depths:1 | Found a one-way gate to the infinite horrors of the Abyss.
 55766 | Depths:1 | HP: 5/179 [ice dragon/blast of cold (30)]
 56297 | Depths:1 | Found a gateway to a ziggurat.
 56532 | Depths:1 | Found a gateway to Hell.
 58443 | Depths:2 | Reached skill level 19 in Long Blades
 59094 | Depths:2 | Noticed a golden dragon
 59097 | Depths:2 | Noticed a golden dragon
 59116 | Depths:2 | Killed a golden dragon
 60033 | Depths:2 | Reached XP level 20. HP: 182/189 MP: 31/31
 60097 | Depths:2 | Gained mutation: You are agile. (Dex +2) [potion of beneficial mutation]
 60670 | Depths:2 | Killed a golden dragon
 61449 | Vaults:1 | Entered Level 1 of the Vaults
 62447 | Vaults:1 | HP: 7/191 [rakshasa/trident (17)]
 63272 | Vaults:2 | Noticed Margery
 63310 | Vaults:2 | Killed Margery
 63818 | Vaults:2 | Found a staircase to the Crypt.
 63921 | Vaults:2 | Noticed Boris
 63928 | Vaults:2 | Killed Boris
 63928 | Vaults:2 | Reached skill level 20 in Long Blades
 64129 | Vaults:2 | Cast into the Abyss (a deep elf sorcerer)
 64129 | Abyss:1  | Found a corrupted altar of Lugonu.
 64194 | Abyss:1  | Gained mutation: [You occasionally shout uncontrollably at your foes.] [a neqoxec]
 64215 | Abyss:1  | Found a corrupted altar of Lugonu.
 64252 | Abyss:2  | Found a corrupted altar of Lugonu.
 64339 | Abyss:2  | Reached XP level 21. HP: 194/200 MP: 32/32
 64435 | Abyss:2  | Lost intelligence.
 64468 | Abyss:2  | Paralysed by accursed screaming for 1 turns
 64475 | Abyss:2  | HP: 4/140 [crystal guardian/crystal bolt (9)]
 64476 | Abyss:2  | Killed from afar by a starcursed mass

Action                   |  1- 3 |  4- 6 |  7- 9 | 10-12 | 13-15 | 16-18 | 19-21 || total
-------------------------+-------+-------+-------+-------+-------+-------+-------++-------
Melee: Long sword        |    82 |     7 |       |       |       |    62 |       ||   151
       Scimitar          |       |   123 |   409 |   342 |       |       |       ||   874
       Double sword      |       |       |       |   695 |  1533 |  1449 |   262 ||  3939
       Halberd           |       |       |       |   152 |       |       |       ||   152
       Rod               |       |       |       |       |    38 |    56 |       ||    94
       Katana            |       |       |       |       |       |       |   944 ||   944
Invok: Divine Shield     |       |       |       |       |       |     1 |     5 ||     6
       Summon Divine War |       |       |       |       |       |       |     3 ||     3
       Cleansing Flame   |       |       |       |       |       |       |     1 ||     1
 Abil: Stop Flying       |       |       |       |       |     1 |       |       ||     1
       Evoke Flight      |       |       |       |       |     1 |       |       ||     1
Evoke: Wand              |       |       |     2 |     6 |     3 |     1 |     6 ||    18
       Rod               |       |       |       |       |     4 |     3 |       ||     7
  Use: Scroll            |       |       |       |    28 |    17 |    14 |     6 ||    65
       Potion            |       |       |       |     1 |     3 |     5 |     5 ||    14
 Stab: Distracted        |       |       |       |       |     1 |       |       ||     1
       Confused          |       |       |       |       |       |     1 |       ||     1
  Eat: Chunk             |     1 |     3 |    19 |    48 |    56 |    50 |    30 ||   207
       Pizza             |       |       |     1 |     1 |       |       |       ||     2
       Royal jelly       |       |       |       |     1 |       |       |     1 ||     2
